 Dungeon Crawl Stone Soup version 0.31.0-11-ge490571c62 (webtiles) character file.

Game seed: 14878491176762205102

1572 thirtiethelement the Ruffian (level 8, -12/51 HPs)
             Began as an Octopode Shapeshifter on Feb 5, 2024.
             Was a Follower of Dithmenos.
             Mangled by an ice beast (16 damage)
             ... on level 7 of the Dungeon.
             The game lasted 00:17:06 (5952 turns).

thirtiethelement the Ruffian (OpSh)                 Turns: 5952, Time: 00:17:06

Health: -12/51     AC:  1    Str: 13    XL:     8   Next: 90%
Magic:  13/13      EV: 13    Int: 14    God:    Dithmenos [*.....]
Gold:   331        SH:  4    Dex: 12    Spells: 11/14 levels left

rFire   + .          .
                       - Unarmed
rCold   x . .        o - +0 buckler
rNeg    . . .        (helmet currently unavailable)
rPois   +            r - amulet of magic regeneration
rElec   .            d - ring of willpower
rCorr   +            g - ring of fire
SInv    .            k - ring of resist corrosion
Will    +....        (no ring)
Stlth   ++++         (no ring)
HPRegen 0.28/turn    (no ring)
MPRegen 0.53/turn    (no ring)
                     (no ring)

%: no passive effects
@: beast-form, wreathed by umbra
A: beast (slay +2), almost no armour, amphibious, 8 rings, camouflage 1,
gelatinous body 1, (nimble swimmer 1), tentacles, poison resistance, screaming 1
a: Begin Untransformation, Renounce Religion


You were on level 7 of the Dungeon.
You worshipped Dithmenos.
Dithmenos was aware of your devotion.
You were a hulking beast.
You visited 2 branches of the dungeon, and saw 8 of its levels.

You collected 499 gold pieces.
You spent 168 gold pieces at shops.

Inventory:

Armour
 o - a +0 buckler (worn)
Jewellery
 d - a ring of willpower (left tentacle)
 g - a ring of fire (right tentacle)
 h - a ring of flight
 k - a ring of resist corrosion (on tentacle)
 r - an amulet of magic regeneration (around mantle)
Talismans
 b - a beast talisman
 c - a flux talisman
Wands
 j - a wand of charming (13)
 s - a wand of flame (3)
Scrolls
 e - a scroll of blinking
 n - a scroll of fog
 q - 2 scrolls of teleportation
 w - a scroll of poison
Potions
 a - a potion of lignification
 f - a potion of mutation
 i - 3 potions of heal wounds
 m - 2 potions of might
 p - a potion of haste
 t - a potion of brilliance {unknown}
 u - a potion of experience {unknown}


   Skills:
 + Level 2.5 Fighting
 + Level 3.9 Dodging
 + Level 5.1 Stealth
 + Level 0.6 Shields
 + Level 6.7 Unarmed Combat
 + Level 3.7 Spellcasting
 + Level 3.2 Conjurations
 + Level 4.6 Shapeshifting


You had 11 spell levels left.
You knew the following spells:

 Your Spells              Type           Power      Damage    Failure   Level
a - Magic Dart            Conj           44%        1d5       8%          1
b - Searing Ray           Conj           22%        2d5       11%         2

Your spell library contained the following spells:

 Spells                   Type           Power      Damage    Failure   Level
 Lesser Beckoning         Tloc           4%         N/A       38%         2
 Mercury Vapours          Alch/Air       4%         N/A       38%         2
 Mephitic Cloud           Conj/Alch/Air  5%         N/A       47%         3
 Call Canine Familiar     Summ           2%         N/A       63%         3
 Gell's Gravitas          Tloc           2%         N/A       63%         3
 Sigil of Binding         Hex            2%         N/A       63%         3
 Teleport Other           Tloc           2%         N/A       63%         3
 Fulminant Prism          Conj/Alch      3%         3d5       82%         4
 Dimensional Bullseye     Hex/Tloc       1%         N/A       95%         4
 Freezing Cloud           Conj/Ice/Air   2%         6-21      99%         5


Dungeon Overview and Level Annotations

Branches:
Dungeon (7/15)             Temple (1/1) D:7

Altars:
Ashenzari
Cheibriados
Dithmenos
Elyvilon
Fedhas
Gozag
Hepliaklqana
Kikubaaqudgha
Okawaru
Qazlal
Trog
Uskayaw
Vehumet
Xom
Yredelemnul
The Shining One

Shops:
D:7 ?

Portals:
Abyss: D:4

Annotations:
D:4 2 transporters, SlowGraham's ghost, amateur DEBr


Innate Abilities, Weirdness & Mutations

You are a hulking beast.
Your limbs bulge with bestial killing power. (Slay +2)
You cannot wear most types of armour.
You are amphibious.
You can wear up to eight rings at the same time.
Your skin changes colour to match your surroundings (Stealth+).
Your rubbery body absorbs attacks. (AC +1, EV +1)
((You are camouflaged when in or above water. (Stealth+)))
You have tentacles for arms and can constrict up to eight enemies at once.
Your system is resistant to poisons. (rPois)
You occasionally shout uncontrollably at your foes.


Message History

You squeeze the shadow imp.
You kill the shadow imp!
Dithmenos accepts your kill. The ice beast hits you. The ice beast freezes you!
You feel a terrible chill!
You tentacle-slap the ice beast.
The ice beast is lightly wounded.
You tentacle-slap the ice beast. Your squeeze misses the ice beast.
The ice beast is moderately wounded.
The ice beast hits you. The ice beast freezes you!!
You feel a terrible chill!
You are too injured to fight recklessly!
You are too injured to fight recklessly!
You are too injured to fight recklessly!
You are too injured to fight recklessly!
You are too injured to fight recklessly!
You are too injured to fight recklessly!
You are too injured to fight recklessly!
You are too injured to fight recklessly!
You are too injured to fight recklessly!
You are too injured to fight recklessly!
You are too injured to fight recklessly!
You are too injured to fight recklessly!
You are too injured to fight recklessly!
You are too injured to fight recklessly!
You are too injured to fight recklessly!
You are too injured to fight recklessly!
You are too injured to fight recklessly!
You are too injured to fight recklessly!
You are too injured to fight recklessly!
You are too injured to fight recklessly!
You are too injured to fight recklessly!
You are too injured to fight recklessly!
You are too injured to fight recklessly!
The ice beast attacks as it pursues you!
The ice beast hits you. The ice beast freezes you!
You feel a terrible chill!
* * * LOW HITPOINT WARNING * * *
The ice beast attacks as it pursues you!
The ice beast hits you.
* * * LOW HITPOINT WARNING * * *
The ice beast freezes you!
You feel a terrible chill!
You die...

#.
#.+∩+.........#
#.
#.+'+.......###
#.
###........##
#.
###....#..###
#.##....######
##.....###
#....### ##..##
#.h# #.Y##
#...# #...#
#....# #.....#
#.......
#...##### #..##


You could see an ice beast.

Vanquished Creatures
  Prince Ribbit (D:6)
  Edmund (D:5)
  2 water moccasins
  An ogre (D:6)
  A centaur (D:6)
  4 scorpions
  2 bullfrogs (D:7)
  2 bombardier beetles
  2 hounds (D:5)
  2 jellies
  A sleepcap (D:7)
  An iguana (D:5)
  4 orc wizards
  7 adders
  A shadow imp (D:7)
  A white imp (D:6)
  A dart slug (D:2)
  A ribbon worm (D:2)
  14 orcs
  9 ball pythons
  8 endoplasms
  A giant cockroach (D:1)
  8 goblins
  8 hobgoblins
  11 jackals
  9 kobolds
  4 quokkas
  3 bats (D:1)
  3 frilled lizards (D:2)
  9 rats
122 creatures vanquished.

Notes
Turn   | Place    | Note
-------+----------+-------------------------------------------
     0 | D:1      | thirtiethelement the Octopode Shapeshifter began the quest
                  | for the Orb.
     0 | D:1      | Reached XP level 1. HP: 13/13 MP: 1/1
   209 | D:1      | Reached XP level 2. HP: 17/18 MP: 2/2
   223 | D:1      | Learned a level 1 spell: Magic Dart
   728 | D:1      | Reached XP level 3. HP: 22/23 MP: 0/3
  1071 | D:2      | Found a shimmering altar of Xom.
  1087 | D:2      | Reached XP level 4. HP: 28/28 MP: 1/4
  1136 | D:2      | Learned a level 2 spell: Searing Ray
  1391 | D:2      | Reached skill level 1 in Spellcasting
  1456 | D:2      | Found a faded altar of an unknown god.
  1518 | D:2      | Reached skill level 4 in Unarmed Combat
  1704 | D:2      | Noticed a scorpion
  1869 | D:3      | Noticed a water moccasin
  1978 | D:3      | Found a shadowy altar of Dithmenos.
  1990 | D:3      | Became a worshipper of Dithmenos the Shadowed
  2122 | D:3      | Killed a water moccasin
  2123 | D:3      | Reached skill level 1 in Stealth
  2123 | D:3      | Reached skill level 1 in Conjurations
  2123 | D:3      | Reached XP level 5. HP: 23/33 MP: 0/8
  2221 | D:3      | Reached XP level 6. HP: 26/39 MP: 6/9
  3263 | D:4      | Found a transporter.
  3309 | D:4      | Noticed a small abomination
  3332 | D:4      | Found a transporter.
  3373 | D:4      | Reached * piety under Dithmenos
  3527 | D:4      | Found a one-way gate to the infinite horrors of the Abyss.
  3527 | D:4      | Noticed SlowGraham's ghost (amateur DEBr)
  3624 | D:5      | Entered Level 5 of the Dungeon
  3692 | D:5      | Reached XP level 7. HP: 45/45 MP: 11/11
  3693 | D:5      | Noticed Edmund
  3866 | D:5      | Killed Edmund
  3994 | D:5      | Reached skill level 5 in Unarmed Combat
  4458 | D:5      | Found an ancient bone altar of Kikubaaqudgha.
  4458 | D:5      | Found a bloodstained altar of Trog.
  4566 | D:6      | Noticed Prince Ribbit
  4576 | D:6      | Killed Prince Ribbit
  4577 | D:6      | Reached XP level 8. HP: 30/51 MP: 11/13
  4660 | D:6      | Found a blossoming altar of Fedhas.
  5185 | D:6      | Reached skill level 6 in Unarmed Combat
  5365 | D:6      | Gained mutation: You are resistant to electric shocks.
                  | (rElec) [potion of mutation]
  5365 | D:6      | Gained mutation: Your body sometimes deteriorates upon
                  | taking damage. [potion of mutation]
  5366 | D:6      | Lost mutation: Your body sometimes deteriorates upon taking
                  | damage. [potion of mutation]
  5366 | D:6      | Lost mutation: You are resistant to electric shocks.
                  | (rElec) [potion of mutation]
  5366 | D:6      | Gained mutation: You occasionally shout uncontrollably at
                  | your foes. [potion of mutation]
  5366 | D:6      | Gained mutation: Your system is resistant to poisons.
                  | (rPois) [potion of mutation]
  5758 | D:7      | Found a staircase to the Ecumenical Temple.
  5767 | Temple   | Entered the Ecumenical Temple
  5789 | D:7      | Reached skill level 5 in Stealth
  5927 | D:7      | Found Biwim's Magic Scroll Boutique.
  5930 | D:7      | Bought a scroll of identify for 28 gold pieces
  5930 | D:7      | Bought a scroll of fog for 56 gold pieces
  5930 | D:7      | Bought a scroll of identify for 28 gold pieces
  5930 | D:7      | Bought a scroll of poison for 56 gold pieces
  5952 | D:7      | Mangled by an ice beast

Illustrated notes

Levels and vault maps discovered:
D:1:      sevenhm_arrival_forest_fort_small_5, layout_loops_cross
D:2:      layout_rooms, nicolae_ecumenical_snake_handling, basic_altar,
          lightli_corner_chamber
D:3:      layout_loops_ring, nicolae_dithmenos_through_a_glass_darkly,
          chequers_serial_rivers_micro_a, minmay_misc_feat_square
D:4:      layout_rooms, gammafunk_ghost_abyssal_escape, minmay_gold_behind_fungi
D:5:      layout_basic, gammafunk_temple_overflow_statue, serial_curves,
          eino_curves_03, eino_curves_01, eino_curves_04, uniq_edmund
D:6:      layout_basic, fedhas_bush_and_centaur_altar, uniq_prince_ribbit1
D:7:      nzn_winding_woodlands_large [nzn_winding_woodlands_5x5_closed_star,
          nzn_winding_woodlands_5x15_sidewinder,
          nzn_winding_woodlands_5x5_perimeter,
          nzn_winding_woodlands_center_lodge,
          nzn_winding_woodlands_15x15_thick_spiral,
          nzn_winding_woodlands_center_garden,
          nzn_winding_woodlands_5x5_checkerboard,
          nzn_winding_woodlands_5x15_zeroes,
          nzn_winding_woodlands_5x5_open_star], layout_cave_pods,
          nzn_wu_jian_council_hall, zin_scriptorium, temple_pool_b,
          serial_shops, shop, nicolae_shop_temple_entry_statues_fountains,
          nicolae_stop_n_shop_2, nicolae_shop_tiny_real_fake_doors
Temple:   nicolae_temple_no_exploring_needed

Skill      XL: |  1  2  3  4  5  6  7  8 |
---------------+-------------------------+-----
Spellcasting   | 2 3 |  3.7
Unarmed Combat | 4 5 6 |  6.7
Stealth        | 1 3 5 |  5.1
Conjurations   | 1 2 3 |  3.2
Shapeshifting  | 4 |  4.6
Fighting       | 2 |  2.5
Dodging        | 3 |  3.9
Shields        | |  0.6

Action                     |  1- 3 |  4- 6 |  7- 9 || total
---------------------------+-------+-------+-------++-------
  Melee: Unarmed           |    53 |    82 |    73 ||   208
         Constrict         |    16 |    20 |    16 ||    52
         Tentacles         |    10 |    17 |    20 ||    47
         Punch             |     6 |     3 |     3 ||    12
   Cast: Magic Dart        |    17 |    67 |     8 ||    92
         Searing Ray       |       |     6 |     5 ||    11
    Use: Scroll            |       |     4 |     8 ||    12
         Potion            |       |       |     3 ||     3
   Stab: Sleeping          |     1 |     1 |     6 ||     8
 Armour: Skin              |    18 |    36 |    42 ||    96
  Dodge: Dodged            |    36 |    41 |    54 ||   131
  Block: Buckler           |       |       |     7 ||     7
